 Dungeon Crawl Stone Soup version 0.25-a0-576-g50b708a4c4 (webtiles) character file.

Game seed: 4335549011778036388, levelgen mode: deterministic

35 Flugslaktarn the Covered (level 3, -5/34 HPs)
             Began as a Deep Dwarf Fighter on Mar 1, 2020.
             Slain by a gnoll
             ... wielding a +0 halberd
              (7 damage)
             ... on level 2 of the Dungeon.
             The game lasted 00:00:22 (276 turns).

Flugslaktarn the Covered (Deep Dwarf Fighter)        Turns: 276, Time: 00:00:22

Health: -5/34      AC:  7    Str: 20    XL:     3   Next: 17%
Magic:  2/2        EV:  7    Int:  8    God:
Gold:   33         SH:  9    Dex: 12    Spells: 2/2 levels left

rFire    . . .     SeeInvis .   a - +0 war axe
rCold    . . .     Gourm    .   c - +0 kite shield
rNeg     . . .     Faith    .   b - +0 scale mail
rPois    .         Spirit   .   (no helmet)
rElec    .         Reflect  .   (no cloak)
rCorr    .         Harm     .   (no gloves)
MR       .....                  (no boots)
Stlth    ..........             (no amulet)
HPRegen  0.00/turn              (no ring)
MPRegen  0.08/turn              (no ring)

@: non-regenerating
A: damage resistance, heal wounds, sense surroundings 1, no regeneration
a: Heal Wounds


You were on level 2 of the Dungeon.
You were not hungry.

You visited 1 branch of the dungeon, and saw 2 of its levels.

You collected 33 gold pieces.

Inventory:

Hand Weapons
 a - a +0 war axe (weapon)
Armour
 b - a +0 scale mail (worn)
 c - a +0 kite shield (worn)
Scrolls
 g - a scroll of teleportation {unknown}
 i - 3 scrolls of identify {unknown}
Potions
 d - a potion of might
 f - a potion of curing {unknown}
Comestibles
 e - 3 rations
 h - 7 chunks of flesh


   Skills:
 + Level 3.0 Fighting
 + Level 2.7 Axes
 + Level 3.7 Armour
 + Level 3.7 Shields


You had 2 spell levels left.
You didn't know any spells.
Your spell library was empty.

Dungeon Overview and Level Annotations

Branches:
Dungeon (2/15)

Altars:


Innate Abilities, Weirdness & Mutations

You are resistant to damage.
You can heal yourself by infusing magical energy.
You passively map a small area around you.
You do not regenerate.


Message History

The frilled lizard bites you but does no damage.
You block the gnoll's attack. The frilled lizard bites you.
You slash the frilled lizard!
You kill the frilled lizard!
The gnoll barely misses you. You block the gnoll's attack. x2
You slash the gnoll!
The gnoll is heavily wounded.
The gnoll barely misses you.
The gnoll hits you from afar with a +0 halberd.
You barely miss the gnoll.
The gnoll is heavily wounded.
The gnoll hits you but does no damage. You block the gnoll's attack.
The gnoll hits you with a +0 halberd!
You hit the gnoll but do no damage.
The gnoll is heavily wounded.
The gnoll hits you from afar with a +0 halberd!
* * * LOW HITPOINT WARNING * * *
The gnoll hits you with a +0 halberd!
You die...

,, *
,,,.≈.≈≈≈≈_.≈
, , ,
,..≈≈≈≈≈.≈≈ ≈
,* #.≈≈≈≈≈≈≈≈
, ** *
#.≈≈≈≈≈≈≈≈ *
#..≈≈≈≈≈≈≈
#..≈..≈≈.. *
, *,
#.).≈.≈.≈≈ *
#.######<#..#
*
#.....@gg.$#
############


You could see 2 gnolls.

Vanquished Creatures
  A gnoll (D:2)
  An adder (D:2)
  2 bats (D:1)
  A giant cockroach (D:1)
  3 goblins (D:1)
  3 hobgoblins (D:1)
  A ball python (D:1)
  3 frilled lizards
  3 rats (D:1)
18 creatures vanquished.

Notes
Turn   | Place    | Note
-------+----------+-------------------------------------------
     0 | D:1      | Flugslaktarn the Deep Dwarf Fighter began the quest for the
                  | Orb.
     0 | D:1      | Reached XP level 1. HP: 20/20 MP: 1/1
   140 | D:1      | Reached XP level 2. HP: 27/27 MP: 2/2
   256 | D:2      | Found a faded altar of an unknown god.
   263 | D:2      | Reached XP level 3. HP: 15/34 MP: 3/3
   276 | D:2      | Slain by a gnoll

Levels and vault maps discovered:
D:1:      ncdulo_halloftheorcs, layout_loops_ring, hangedman_feature_mirror,
          minivault_11, minmay_pentomino_r2
D:2:      layout_basic, gammafunk_temple_overflow_elements,
          chequers_ecumenical_altar_island

Skill      XL: |  1  2 |
---------------+-------+-----
Fighting       | 3 |  3.0
Axes           | |  2.7
Armour         | |  3.7
Shields        | |  3.7

Action                   || total
-------------------------++-------
Melee: War axe           ||    66
 Abil: Heal Wounds       ||     1
Armor: Scale mail        ||    26
Dodge: Dodged            ||    25
Block: Kite shield       ||    47

Table legend:
 A = Non-vault XP
 B = Vault XP
 C = Vault XP percentage of total XP
 D = Non-vault monster count
 E = Vault monster count
 F = Vault count percentage of total count
                 A         B        C        D         E       F
            +---------+---------+-------+---------+---------+-------
      Total |      50 |       1 |   2.0 |      17 |       1 |   5.6
            +---------+---------+-------+---------+---------+-------
        D:1 |      21 |       1 |   4.5 |      14 |       1 |   6.7
        D:2 |      29 |       0 |   0.0 |       3 |       0 |   0.0
            +---------+---------+-------+---------+---------+-------
